[Event "*** Titled Tuesday Blitz"]
[Site "Chess.com"]
[Date "2021.02.16"]
[Round "6"]
[White "JoakimVonAnd"]
[Black "ChessQueen"]
[Result "0-1"]
[WhiteElo "2558"]
[BlackElo "2738"]
[TimeControl "180+1"]
[EndTime "11:09:19 PST"]
[Termination "ChessQueen won by resignation"]

1. d4 Nf6 2. c4 e6 3. Nc3 Bb4 4. f3 c5 5. d5 b5 6. e4 O-O 7. Nh3 d6 8. Nf2 exd5 9. cxd5 c4 10. Be3 Nbd7 11. Be2 Rb8 12. O-O Bc5 13. Qd2 Qb6 14. Bxc5 Qxc5 15. a4 b4 16. Nb5 Ba6 17. Rfc1 Nb6 18.
Nxa7 Nbxd5 19. exd5 c3 20. Bxa6 cxd2 21. Rxc5 dxc5 22.
Nc6 Rbe8 23. Rd1 Re1+ 24. Bf1 Nxd5 25. Rxd2 Ne3 26. h4 Rxf1+ 27. Kh2 g6 28. Re2 Nd5 29. a5 c4 30. a6 c3 31. bxc3 Nxc3 32. Rb2 Ra8 33.
a7 Nb5 34. Rxb4 Nxa7 35. Nxa7 Rxa7 36. Ng4 Kg7 37. Ne3 Re1 38. Rb3 Re2 39. Kg3 h5 40. Rd3 Re7 41. Nd5 Rd7 42. Nf4 Rxd3 43. Nxe2 Ra3 44.
Nf4 Kf6 45. Nd5+ Ke6 46. Nf4+ Ke5 47. Ne2 Ra4 48. Kh3 f6 49. Kg3 Rc4 50. Kh3 Rc2 51. Ng3 f5 52. Nf1 Kf4 53. Nh2 Rc1 54. g3+ Ke3 55. Kg2 Rc2+ 56. Kh3 Rxh2+ 57. Kxh2 Kxf3 58. Kh3 f4 59. gxf4 Kxf4 60. Kh2 Kg4 61. Kg2 Kxh4 62. Kh2 Kg4 63. Kg2 h4 64. Kh2 h3 65. Kh1 g5 66.
Kg1 Kg3 67. Kh1 Kf3 68. Kh2 g4 69. Kh1 Kf2 70. Kh2 g3+ 71. Kxh3 g2 72. Kh4 g1=Q 0-1

[Event "*** Titled Tuesday Blitz"]
[Site "Chess.com"]
[Date "2021.02.16"]
[Round "6"]
[White "ram1zan"]
[Black "Mazetovic"]
[Result "1/2-1/2"]
[WhiteElo "2865"]
[BlackElo "2702"]
[TimeControl "180+1"]
[EndTime "11:09:22 PST"]
[Termination "Game drawn by repetition"]

1. e4 c5 2. Nf3 Nc6 3. d4 cxd4 4. Nxd4 g6 5. Nc3 Bg7 6. Be3 Nf6 7. Bc4 Qa5 8. O-O O-O 9. h3 d6 10. Bb3 Bd7 11. f4 Nxd4 12. Bxd4 Bc6 13. Qd3 Nd7 14.
Rae1 Bxd4+ 15. Qxd4 Qc5 16. Rd1 Qxd4+ 17. Rxd4 Nc5 18.
Re1 Rac8 19. Bd5 Rfd8 20. Kf2 e6 21. Bxc6 bxc6 22. Rc4 Nd7 23. Ra4 Rc7 24. Ra5 d5 25. Rd1 Rb8 26. b3 Nb6 27. Ke3 Nc8 28. Rc5 Rbb7 29.
Rd4 Nb6 30. Rd2 Nd7 31. Ra5 h5 32. a3 h4 33. Kf3 Kg7 34. Kg4 Nf6+ 35. Kxh4 dxe4 36.
g4 e3 37. Rd3 Nd5 38. Kg3 f5 39.
Ne2 c5 40. c4 Nf6 41. Rxe3 Ne4+ 42. Kg2 Rd7 43. Ng3 Rd2+ 44. Kg1 Nxg3 45. Rxg3 Rbd7 46. Rxc5 Ra2 47. Rg2 Rxa3 48. Rb5 Rd3 49. gxf5 exf5 50. Rxf5 Raxb3 51. Rfg5 Rxh3 52. Rxg6+ Kf7 53. Ra6 Rb1+ 54.
Kf2 Rb2+ 55. Kg1 Rb1+ 56. Kf2 Rb2+ 57. Kf1 Rb1+ 58. Kf2 1/2-1/2

[Event "*** Titled Tuesday Blitz"]
[Site "Chess.com"]
[Date "2021.02.16"]
[Round "6"]
[White "Markov_Mikhail"]
[Black "Onischuk_V"]
[Result "1-0"]
[WhiteElo "2706"]
[BlackElo "2846"]
[TimeControl "180+1"]
[EndTime "11:09:22 PST"]
[Termination "Markov_Mikhail won on time"]

1. c4 Nf6 2. Nf3 g6 3. g3 Bg7 4. Bg2 O-O 5. O-O d6 6. Nc3 e5 7. d4 Nc6 8. dxe5 dxe5 9. Qa4 h6 10. Rd1 Qe7 11. Nd5 Nxd5 12. cxd5 Nd4 13. Nxd4 exd4 14.
e3 Bd7 15. Qb3 Bg4 16. f3 Bd7 17. exd4 g5 18. Qxb7 Rab8 19. Qxc7 Rfc8 20. Qa5 Rc2 21. Qe1 Bxd4+ 22. Kh1 Qf6 23. Qe4 Rc4 24. Be3 Rbb4 25. b3 Bxa1 26. bxc4 Bf5 27. Qe8+ Kg7 28. c5 Be5 29. d6 Bc2 30. d7 Bxd1 31. d8=Q Qxd8 32. Qxd8 Rb1 33. Bf1 Bxf3+ 34. Kg1 Be2 35. Kf2 Bxf1 36. Bd4 Bxd4+ 37. Qxd4+ Kg8 38. c6 Bh3 39. Qd8+ Kg7 40. c7 Rc1 41. Ke3 Rc3+ 42. Kd2 Rc6 43. a4 Be6 44. Ke3 a6 45. a5 Kg6 46. Kd4 Kg7 47. Ke5 Rc5+ 48. Kd6 Rc4 49. Ke7 Kg6 50. Qd6 Kf5 51. h3 Ke4 52. Kd8 Kf3 53. Qxa6 Rd4+ 54. Ke8 Kxg3 55. c8=Q Bxc8 56. Qxc8 Re4+ 57. Kf8 h5 58. a6 g4 59. hxg4 h4 60. a7 Ra4 61.
Qb8+ 1-0

[Event "*** Titled Tuesday Blitz"]
[Site "Chess.com"]
[Date "2021.02.16"]
[Round "6"]
[White "EvgenyRomanov"]
[Black "onnoelgersma"]
[Result "1/2-1/2"]
[WhiteElo "2602"]
[BlackElo "2446"]
[TimeControl "180+1"]
[EndTime "11:09:22 PST"]
[Termination "Game drawn - insufficient material"]

1. d4 d5 2. c4 e6 3. Nf3 Nf6 4. g3 Be7 5. Bg2 O-O 6. Qc2 c5 7. dxc5 d4 8. Ne5 Bxc5 9. O-O Bd6 10. Nd3 Nc6 11. Bg5 e5 12. Nd2 Bf5 13. Rad1 Rc8 14. a3 h6 15. Bxf6 Qxf6 16. b4 b5 17. c5 Bb8 18. Qb3 Qg6 19. Nf3 Be6 20. Qb1 Bc4 21. Nh4 Qe6 22. Rde1 e4 23. Nb2 Rce8 24. Nxc4 bxc4 25.
b5 Na5 26. Qb4 Nb3 27. f4 f5 28.
Bh3 e3 29. Nxf5 Rxf5 30. Bxf5 Qxf5 31. Qxc4+ Qf7 32. Qxf7+ Kxf7 33. c6 Bc7 34. Rd1 Nd2 35. Rfe1 Ke6 36. Kg2 Kd5 37. Rc1 Rb8 38. a4 g5 39.
fxg5 hxg5 40. Rc2 Rf8 41. Rec1 Rf2+ 42. Kh3 Rxe2 43. Rc5+ Ke4 44. Rxg5 Nf3 45. Rg4+ Kd3 46.
Rg7 Rxh2+ 47. Kg4 Ne5+ 48. Kf5 Rf2+ 49. Ke6 Bb6 50. a5 Bxa5 51. Rxa7 Bb6 52. Ra6 Bd8 53. Kxe5 e2 54. b6 Rf1 55. Raa1 Rxc1 56. Rxc1 Bxb6 57. g4 Kd2 58. Rb1 e1=Q+ 59. Rxe1 Kxe1 60. g5 d3 61. g6 Ba5 62. g7 Bc3+ 63. Ke4 Bxg7 64. Kxd3 Be5 65. Ke4 Bh2 66. Kd5 Kf2 67.
Ke6 Kg1 68. Kd7 Kg2 69. c7 Bxc7 1/2-1/2

[Event "*** Titled Tuesday Blitz"]
[Site "Chess.com"]
[Date "2021.02.16"]
[Round "6"]
[White "Nemsko"]
[Black "IngOscarArdila"]
[Result "1/2-1/2"]
[WhiteElo "2333"]
[BlackElo "2160"]
[TimeControl "180+1"]
[EndTime "11:09:22 PST"]
[Termination "Game drawn - insufficient material"]

1. e4 e5 2. Nf3 Nc6 3. Bb5 a6 4. Ba4 Nf6 5. O-O b5 6. Bb3 Be7 7. Re1 O-O 8. h3 d6 9. c3 Na5 10. Bc2 c5 11. d4 Qc7 12. d5 Nb7 13. Nbd2 Re8 14. Nf1 c4 15. Ng3 g6 16. Bh6 Nc5 17. Qd2 a5 18. Nh2 Rb8 19. Kh1 b4 20. f4 bxc3 21.
bxc3 exf4 22. Bxf4 Nfd7 23. Ng4 Ne5 24. Nh6+ Kg7 25. Rf1 f6 26. Rad1 Bf8 27. Bxe5 Rxe5 28. Qf4 Qe7 29. Ng4 Bxg4 30. Qxg4 Kh8 31. Qe2 Bg7 32.
Qxc4 h5 33. h4 Rb2 34. Bb1 Kh7 35. Qd4 Rxb1 36. Rxb1 Nxe4 37. Qd3 f5 38. Rf4 Bh6 39. Nxe4 fxe4 40. Qg3 Bxf4 41. Qxf4 Rf5 42. Qg3 e3 43. Re1 Re5 44. Re2 Kh6 45. c4 Re4 46. Kg1 Qxh4 47.
Rxe3 Qxg3 48. Rxg3 Rxc4 49. Ra3 Rc5 50. Rd3 Kg5 51. g3 Kf5 52. Kf2 Ke4 53. Re3+ Kxd5 54. Re2 Kd4 55. Kf3 Rc3+ 56. Kf4 d5 57. Rd2+ Rd3 58. Rb2 a4 59. Rb4+ Kc3 60. Rxa4 Rd4+ 61. Rxd4 Kxd4 62. a4 Kc5 63. a5 d4 64. a6 Kb6 65. Ke4 g5 66. Kxd4 h4 67. gxh4 gxh4 68. Ke3 h3 69. Kf2 h2 70. Kg2 h1=Q+ 71. Kxh1 Kxa6 1/2-1/2

[Event "*** Titled Tuesday Blitz"]
[Site "Chess.com"]
[Date "2021.02.16"]
[Round "6"]
[White "marianokar"]
[Black "Michaelson_11"]
[Result "1-0"]
[WhiteElo "2438"]
[BlackElo "2270"]
[TimeControl "180+1"]
[EndTime "11:09:23 PST"]
[Termination "marianokar won by checkmate"]

1. e4 e6 2. d3 d5 3. Nd2 Nf6 4. Ngf3 c5 5. g3 Nc6 6. Bg2 g6 7. O-O Bg7 8. Re1 O-O 9. c3 a5 10. a4 d4 11. Nc4 dxc3 12. bxc3 Nd7 13. Qb3 b6 14. Bg5 f6 15. Be3 Ba6 16. d4 Qc7 17. d5 Bxc4 18. Qxc4 Nce5 19. Nxe5 Nxe5 20. Qb5 Rad8 21. dxe6 Rd6 22. f4 Ng4 23. Qc4 Nxe3 24. Rxe3 Qe7 25. f5 Rfd8 26. Bf1 Bh6 27. Re2 gxf5 28. exf5 Rd5 29. Qg4+ Kf8 30. Qh5 Kg7 31. Rae1 Bd2 32. Qg4+ Kf8 33. Rb1 Bxc3 34. Rxb6 Bd4+ 35. Kg2 Be5 36. Qh5 Kg7 37. Qg4+ Kf8 38. Qh5 Kg7 39. Kh3 c4 40. Bg2 c3 41. Bxd5 Rxd5 42. Qf3 Kh6 43. Qxd5 c2 44. Rxc2 Qg7 45. Qd2+ Kh5 46. Qe2+ Kh6 47.
Qe3+ Kh5 48. Qf3+ Kh6 49. Re2 Qg5 50. Qe3 Bf4 51. Qxf4 Qxf4 52. gxf4 Kh5 53. e7 h6 54. Kg2 Kg4 55. Rb8 h5 56. e8=Q Kxf4 57. Qe4+ Kg5 58. h4+ Kh6 59. Rh8+ Kg7 60. Qe7+ Kxh8 61. Qd8+ Kg7 62.
Re7+ Kh6 63. Qh8# 1-0

[Event "*** Titled Tuesday Blitz"]
[Site "Chess.com"]
[Date "2021.02.16"]
[Round "6"]
[White "kayrakamer"]
[Black "AryanTari"]
[Result "0-1"]
[WhiteElo "2701"]
[BlackElo "2906"]
[TimeControl "180+1"]
[EndTime "11:09:25 PST"]
[Termination "AryanTari won by resignation"]

1. e4 c6 2. d4 d5 3. f3 g6 4. Nc3 Bg7 5. Be3 Qb6 6. Qd2 Qxb2 7. Rb1 Qa3 8. exd5 Nf6 9. Bc4 O-O 10. Nge2 Nbd7 11.
dxc6 bxc6 12. O-O Nb6 13. Bb3 Ba6 14. Bg5 Rad8 15. Rfe1 c5 16. Ne4 Nxe4 17. fxe4 c4 18. Ra1 Qd6 19. Qa5 Bb7 20. Ba4 Bxe4 21. c3 h6 22. Ng3 hxg5 23. Nxe4 Qf4 24. Bc2 Nd5 25.
Rad1 Ne3 26. Rd2 Rd5 27. Qxa7 Nxc2 28. Rxc2 e5 29. Rf2 Qh4 30. Qb7 Rdd8 31. dxe5 Bxe5 32. g3 Qg4 33. Qe7 Rfe8 34. Qxf7+ Kh8 35. Qxg6 Bg7 36. Kg2 Re6 37. Qf7 Rxe4 38. Ref1 Re6 39. Qc7 Qe4+ 40. Kg1 Rde8 41. Rf7 Qe5 42. Qb7 Qe3+ 43. R7f2 Qe4 44.
Qc7 Qe5 45. Qb7 Qe4 46. Qc7 Bxc3 47. Qb7 Bd4 48. Qc7 Bxf2+ 49. Rxf2 Qe1+ 50. Rf1 Qe3+ 51. Rf2 Qe1+ 52. Rf1 Qe5 53. Qf7 Qe3+ 54. Rf2 Qe1+ 55. Rf1 Qe3+ 56. Rf2 Qc1+ 57. Rf1 Qc3 58. Qh5+ Kg7 59.
Qxg5+ Rg6 60. Qd5 Qe3+ 61. Kh1 Qe4+ 0-1

[Event "*** Titled Tuesday Blitz"]
[Site "Chess.com"]
[Date "2021.02.16"]
[Round "6"]
[White "TigrVShlyape"]
[Black "sara_khm"]
[Result "1/2-1/2"]
[WhiteElo "2901"]
[BlackElo "2647"]
[TimeControl "180+1"]
[EndTime "11:09:25 PST"]
[Termination "Game drawn - insufficient material"]

1. e4 e5 2. Nf3 Nc6 3. Bb5 a6 4. Ba4 Nf6 5. O-O b5 6. Bb3 Bc5 7. c3 d6 8. a4 Rb8 9. axb5 axb5 10. d4 Bb6 11. Re1 O-O 12. h3 h6 13. Be3 Bb7 14. Nbd2 Re8 15. d5 Na5 16. Bxb6 cxb6 17.
Ba2 Rc8 18. Qe2 Qd7 19. b4 Nc4 20. Nxc4 bxc4 21. Bxc4 Qc7 22. Bb5 Rf8 23. c4 Nh5 24. g3 Qe7 25. Qe3 Qd8 26. Nh4 Rb8 27. Kh2 Bc8 28.
Bc6 Kh7 29. Ra7 Nf6 30. Qf3 Kg8 31. Nf5 Bxf5 32. Qxf5 g6 33. Qf3 Nh7 34. Qe3 Kg7 35. Rea1 Qf6 36. Kg2 Rfd8 37. Rc7 Rdc8 38. Raa7 Rxc7 39.
Rxc7 Qd8 40. Rd7 Qf6 41. h4 Nf8 42. Rb7 Rxb7 43. Bxb7 Qd8 44. Bc6 Qc7 45. c5 bxc5 46. bxc5 dxc5 47. Qxc5 Qd8 48. Qa7 Qd6 49. Be8 Qf6 50.
d6 Ne6 51. Qe7 Qxe7 52. dxe7 Kf6 53. Bc6 Kxe7 54. Bd5 Nc7 55. Bc4 Ne8 56. Kf3 Nd6 57. Bd5 f5 58. Ke3 Kf6 59. exf5 gxf5 60. f3 Ne8 61. g4 Nc7 62. Bc4 fxg4 63. fxg4 Ne8 64. Bd3 Nd6 65. Kf3 Nb7 66. Bc2 Nc5 67. Ke3 Ne6 68.
Be4 Nf4 69. Kf3 Ne6 70. Ke3 Nd4 71. Bd3 Ke6 72. Ke4 Kf6 73. Bc4 Nc6 74. g5+ hxg5 75. hxg5+ Kxg5 76. Bd5 Ne7 77. Kxe5 1/2-1/2

[Event "*** Titled Tuesday Blitz"]
[Site "Chess.com"]
[Date "2021.02.16"]
[Round "6"]
[White "1977Ivan"]
[Black "Sibelephant"]
[Result "0-1"]
[WhiteElo "2739"]
[BlackElo "3017"]
[TimeControl "180+1"]
[EndTime "11:09:27 PST"]
[Termination "Sibelephant won on time"]

1. d4 d5 2. c4 c6 3. Nf3 Nf6 4. Nc3 e6 5. g3 Nbd7 6. Bg2 Be7 7. O-O O-O 8. Nd2 b6 9. b3 Bb7 10. e4 Rc8 11. e5 Ne8 12. Bb2 Nc7 13. Re1 c5 14.
cxd5 cxd4 15. Nce4 Nxd5 16. Bxd4 Nc5 17. Nc4 Nxe4 18.
Bxe4 g6 19. Qf3 b5 20. Ne3 Nxe3 21. Bxb7 Nc2 22. Bxc8 Qxd4 23. Red1 Qxe5 24. Rac1 Nd4 25. Rxd4 Qxd4 26. Rc7 Bc5 27. Kg2 Bb6 28. Rd7 Qxf2+ 29. Qxf2 Bxf2 30. Ba6 Bb6 31. Bxb5 Rc8 32. Bc4 Rc5 33.
g4 h5 34. h3 Re5 35. Kf3 hxg4+ 36. hxg4 g5 37. a4 Re3+ 38. Kg2 Re4 39. Kf3 Rf4+ 40. Kg3 Bf2+ 41. Kh3 a5 42. Rb7 Bc5 43. Rb5 Bb4 44. Rxg5+ Kf8 45. Kg3 Bd6 46. Kg2 Bc7 47. Rc5 Rxg4+ 48. Kh3 Rg3+ 49. Kh4 Bd6 50. Rxa5 Rg1 51.
Rb5 Ke7 52. a5 Ra1 53. a6 Kd7 54. Rb7+ Bc7 55. Bb5+ Kd6 56. Bc4 Kc6 57. Kg5 Be5 0-1

[Event "*** Titled Tuesday Blitz"]
[Site "Chess.com"]
[Date "2021.02.16"]
[Round "6"]
[White "ckgchess"]
[Black "Kapitan_Bayan"]
[Result "0-1"]
[WhiteElo "2756"]
[BlackElo "2498"]
[TimeControl "180+1"]
[EndTime "11:09:27 PST"]
[Termination "Kapitan_Bayan won on time"]

1. e4 Nc6 2. d4 d5 3. exd5 Qxd5 4. Be3 e5 5. c4 Qa5+ 6. Bd2 Bb4 7. d5 Bxd2+ 8. Qxd2 Qxd2+ 9. Nxd2 Nd4 10. O-O-O Bf5 11. Ngf3 Nxf3 12. Nxf3 f6 13. c5 O-O-O 14. Bc4 Ne7 15.
Rhe1 Bg4 16. Re3 Nf5 17. Ra3 Bxf3 18. Rxf3 Nd4 19. Rg3 g5 20. b4 b5 21. Rxd4 exd4 22. Bb3 Rhe8 23. Kd2 Re4 24. Rf3 Rf4 25. Rxf4 gxf4 26.
Kd3 Rg8 27. g3 fxg3 28. fxg3 Rg4 29. Bd1 Rg5 30. Kxd4 Re5 31. h4 a6 32. a4 Re1 33.
Bc2 Rc1 34. Bf5+ Kb7 35. axb5 axb5 36. Bxh7 Rc4+ 37. Ke3 Rxb4 38. h5 Rb2 39. g4 b4 40.
Be4 Kc8 41. h6 Rh2 42. h7 b3 43. Kf4 b2 44. Kg3 Rh6 45. Bf5+ Kd8 46. Kf4 Ke7 47. g5 fxg5+ 48. Kxg5 Rh2 49. Kf4 Rf2+ 50. Kg4 Rxf5 51. h8=Q b1=Q 52. Qh7+ Kf6 53. Qh6+ Ke5 54. Qe3+ Kxd5 55. Qd2+ Kxc5 56. Qc3+ Kd5 57. Qa5+ c5 58.
Qd8+ Kc4 59. Qg8+ Rd5 0-1

[Event "*** Titled Tuesday Blitz"]
[Site "Chess.com"]
[Date "2021.02.16"]
[Round "6"]
[White "Sankalp_Gupta2003"]
[Black "arminmusovic"]
[Result "1-0"]
[WhiteElo "2718"]
[BlackElo "2486"]
[TimeControl "180+1"]
[EndTime "11:09:27 PST"]
[Termination "Sankalp_Gupta2003 won on time"]

1. d4 d5 2. Bf4 c5 3. e3 Nc6 4. c3 a6 5. Nd2 g6 6. Ngf3 Bg7 7.
dxc5 e5 8. Bg3 Nge7 9. b4 O-O 10. Be2 d4 11. exd4 exd4 12. cxd4 Nxd4 13. Nxd4 Qxd4 14. Rb1 Rd8 15. Bd6 Nf5 16. Nc4 Qc3+ 17. Kf1 Nxd6 18. Rb3 Qf6 19. Nxd6 Be6 20. Rf3 Qb2 21. Qe1 b6 22. h4 bxc5 23. bxc5 Qe5 24. Qc1 Rab8 25.
Re3 Qd4 26. g3 Bh6 27. f4 Rb2 28. Rd3 Qb4 29. a3 Qb8 30. Kf2 Bf8 31. Rhd1 Ra2 32. Qe3 Qb2 33. R1d2 Qa1 34. Rxa2 Qxa2 35. Ne4 Rb8 36.
Nf6+ Kh8 37. Qe5 Qb2 38. Qxb2 Rxb2 39. Rd8 Kg7 40. Ne8+ Kg8 41. c6 Bc4 42. c7 Rxe2+ 43. Kf3 Rc2 44. Nf6+ Kg7 45. Ne8+ Kh6 46. c8=Q Be2+ 47.
Ke3 Rxc8 48. Rxc8 Bb5 49. Nf6 Bxa3 50. g4 Kg7 51. g5 Bf8 52. Ra8 Bf1 53. Kf2 Bb5 54. Kg3 Bc4 55. h5 gxh5 56. Nxh5+ Kg8 57. f5 h6 58. g6 fxg6 59. fxg6 Bd5 60. Rd8 1-0

[Event "*** Titled Tuesday Blitz"]
[Site "Chess.com"]
[Date "2021.02.16"]
[Round "6"]
[White "L1m96"]
[Black "Andrakhanova"]
[Result "1-0"]
[WhiteElo "2542"]
[BlackElo "2278"]
[TimeControl "180+1"]
[EndTime "11:09:28 PST"]
[Termination "L1m96 won by resignation"]

1. e4 c5 2. Nf3 e6 3. d4 cxd4 4.
Nxd4 Nf6 5. Nc3 Nc6 6. Ndb5 d6 7. Bf4 e5 8. Bg5 a6 9. Na3 b5 10. Nd5 Be7 11. Bxf6 Bxf6 12. c3 Bg5 13. Nc2 O-O 14. a4 bxa4 15. Rxa4 a5 16. Bc4 Rb8 17. b3 Kh8 18. Nce3 g6 19. O-O f5 20. exf5 gxf5 21.
f4 Bh6 22. Qh5 Bg7 23. Rf3 Qe8 24. Qxe8 Rxe8 25. fxe5 Nxe5 26. Rf1 Nxc4 27. Nxc4 Be6 28. Nc7 Bxc4 29. Rxc4 Rf8 30. b4 axb4 31. cxb4 Be5 32.
Rfc1 Rfc8 33. g3 h6 34. Kg2 Kh7 35. Kf3 Rb7 36. h4 Rbb8 37. Nd5 Rxc4 38. Rxc4 Ra8 39. Rc7+ Kg8 40. Ne7+ Kf8 41. Nxf5 d5 42. Rc5 Ra3+ 43.
Kg4 h5+ 44. Kxh5 Bxg3 45. Rxd5 Bf4 46. Kg6 Ra6+ 47. Kh5 Kf7 48. b5 Rb6 49. Kg4 Bb8 50. Kf3 Rf6 51. Ke4 Re6+ 52. Kd3 Re1 53. Nd4 Rh1 54. h5 Rh4 55. b6 Kf6 56. b7 Ba7 57. Nc6 Rh3+ 58. Kc4 Rh4+ 59. Kb5 Bb8 60. Nxb8 Ke6 61. Rc5 Kd6 62. Na6 1-0

[Event "*** Titled Tuesday Blitz"]
[Site "Chess.com"]
[Date "2021.02.16"]
[Round "6"]
[White "KetiGrant"]
[Black "DenishevM"]
[Result "0-1"]
[WhiteElo "2391"]
[BlackElo "2594"]
[TimeControl "180+1"]
[EndTime "11:09:29 PST"]
[Termination "DenishevM won on time"]

1. e4 c5 2. Nf3 d6 3. Bb5+ Nd7 4. O-O Nf6 5. Re1 a6 6. Bf1 g6 7. c3 Bg7 8. d4 cxd4 9. cxd4 O-O 10. Nc3 b5 11. e5 Ne8 12. Bg5 f6 13. exf6 exf6 14.
Bf4 Nb6 15. Qe2 Ra7 16. a3 Kh8 17. d5 Bg4 18. h3 Bxf3 19. Qxf3 f5 20. Rad1 Nd7 21.
Re6 Ne5 22. Qe3 Rd7 23. Bg5 Bf6 24. Bxf6+ Nxf6 25. f4 Nf7 26. Qd4 Kg7 27. g4 fxg4 28. hxg4 g5 29. Ne4 Ne5 30. fxe5 Nxe4 31. Qxe4 Rf4 32.
Qe2 Rdf7 33. exd6 Qb6+ 34. Kh1 Rf2 35. Qe5+ Kg8 36. Re8+ Rf8 37. Qxg5+ Kh8 38. Qe5+ Kg8 39. Rxf8+ Kxf8 40. Qe7+ Kg8 41. Qe6+ Kf8 42. d7 Qd8 43.
Qe8+ Qxe8 44. dxe8=Q+ Kxe8 45. Kg1 Rxb2 46. d6 Kd8 47.
Bg2 Rb3 48. Bc6 Rc3 49. Bb7 Rxa3 50. d7 Rc3 51. Bc8 b4 52. Re1 Kc7 53. Re8 Rd3 54.
Kf2 b3 55. Ke2 Rd6 0-1

[Event "*** Titled Tuesday Blitz"]
[Site "Chess.com"]
[Date "2021.02.16"]
[Round "6"]
[White "Pintacara"]
[Black "Grineva_Marianna"]
[Result "1-0"]
[WhiteElo "2497"]
[BlackElo "2242"]
[TimeControl "180+1"]
[EndTime "11:09:29 PST"]
[Termination "Pintacara won by resignation"]

1. d4 d6 2. Bg5 Nd7 3. Nc3 Ngf6 4. e4 c6 5. f4 Qb6 6. Qd2 Qxb2 7. Rb1 Qa3 8. Nf3 Qa5 9. Bd3 g6 10. O-O Bg7 11. e5 dxe5 12. fxe5 Nd5 13. Nxd5 Qxd5 14. c4 Qe6 15. Bh6 O-O 16. Bxg7 Kxg7 17. Ng5 Qg4 18. Rf4 Qh5 19. Rbf1 f5 20. Ne6+ Kg8 21. Nxf8 Nxf8 22. g4 Qg5 23. h4 Qxh4 24. Qg2 g5 25. gxf5 Qh6 26. Rg4 Kf7 27. Rxg5 Qh4 28. f6 Qxd4+ 29. Rf2 Ng6 30. fxe7+ Kxe7 31. Bxg6 hxg6 32. Rxg6 Qd1+ 33. Rf1 Qd4+ 34. Qf2 Qxf2+ 35. Rxf2 Be6 36. Rff6 Bf7 37.
Rg7 Rf8 38. Rh6 b6 39. e6 Rg8 40. Rxg8 Bxg8 41. Rg6 Bxe6 42. Rg4 Bxc4 43. Rxc4 Kd6 44.
Rc2 Kd5 45. Kf2 a5 46. Ke2 Kd4 47. Kd2 Kd5 48. Rb2 b5 49. Rb1 a4 50. Kc3 Kc5 51. a3 Kb6 52. Rf1 Kc5 53. Rf5+ Kb6 54. Rh5 c5 55. Rh6+ Ka5 56. Rc6 b4+ 57. Kc4 bxa3 58. Rxc5+ Ka6 59. Rh5 a2 60. Rh1 a3 61. Ra1 Ka5 62.
Rxa2 Ka4 63. Ra1 Ka5 64. Rxa3+ Kb6 65. Ra4 Kc6 66. Ra5 Kd6 67. Rc5 Ke6 68. Rd5 Kf6 1-0

[Event "*** Titled Tuesday Blitz"]
[Site "Chess.com"]
[Date "2021.02.16"]
[Round "6"]
[White "ChessFighter1975"]
[Black "starplatinum2030"]
[Result "0-1"]
[WhiteElo "2389"]
[BlackElo "2171"]
[TimeControl "180+1"]
[EndTime "11:09:29 PST"]
[Termination "starplatinum2030 won by checkmate"]

1. d4 d5 2. c4 dxc4 3. e3 Nf6 4. Bxc4 e6 5. Nf3 a6 6. O-O c5 7. a4 Nc6 8. Nc3 cxd4 9. exd4 Be7 10. Be3 O-O 11.
h3 Nb4 12. Ne5 Nbd5 13. Bd3 Bd7 14. Bb1 Rc8 15. Bg5 Nxc3 16. bxc3 Rxc3 17. Qd2 Nd5 18.
Bxe7 Qxe7 19. Be4 Rfc8 20. Rfb1 b5 21. axb5 Bxb5 22. Rc1 Rxc1+ 23. Rxc1 Rxc1+ 24. Qxc1 Qc7 25. Qg5 f6 26. Qg4 f5 27. Bxf5 exf5 28. Qxf5 Qc1+ 29.
Kh2 Qf4+ 30. Qxf4 Nxf4 31. g3 Nd5 32. f4 a5 33. Nf3 a4 34. Nd2 a3 35. Nb3 a2 36.
Kg2 Ne3+ 37. Kf3 Nc2 38. d5 a1=Q 39. Nxa1 Nxa1 40. Ke4 Kf7 41. Ke5 Nc2 42. g4 Na3 43.
d6 Bd7 44. f5 Nc4+ 45. Kd5 Ne3+ 46. Kc5 h5 47. gxh5 Nxf5 48. Kb6 Nxd6 49. Kc7 Ke7 50.
h4 Bg4 51. h6 gxh6 52. Kc6 Nf5 53. Kd5 Nxh4 54. Ke5 Ng6+ 55. Ke4 h5 56. Ke3 Kf6 57. Kf2 Kg5 58. Kg3 h4+ 59. Kg2 h3+ 60. Kh2 Kh4 61. Kg1 Kg3 62. Kh1 Bf3+ 63. Kg1 h2+ 64. Kf1 h1=Q# 0-1

[Event "*** Titled Tuesday Blitz"]
[Site "Chess.com"]
[Date "2021.02.16"]
[Round "6"]
[White "FMOlexandrProhorov"]
[Black "kuba2006"]
[Result "1-0"]
[WhiteElo "2124"]
[BlackElo "2368"]
[TimeControl "180+1"]
[EndTime "11:09:31 PST"]
[Termination "FMOlexandrProhorov won by checkmate"]

1. e4 Nf6 2. e5 Nd5 3. c4 Nb6 4.
a4 a5 5. d4 d6 6. exd6 exd6 7. Nc3 Be7 8. Nf3 O-O 9. h3 Bf6 10. Be2 Nc6 11. Be3 d5 12. c5 Nc4 13.
Bxc4 dxc4 14. O-O Bf5 15. Re1 Nb4 16. Qd2 Nc2 17. Nb5 Nxa1 18. Rxa1 Bd7 19. Nc3 Bc6 20. Bf4 Bxf3 21. gxf3 Bxd4 22. Ne4 f5 23. Ng5 Qf6 24. Qe2 Rae8 25. Qxc4+ Kh8 26. Rd1 h6 27. Rxd4 hxg5 28. Bxc7 Re1+ 29. Kg2 f4 30. Rd7 Qf5 31. Qd4 Rf7 32.
Rd8+ Kh7 33. Rd5 Qg6 34. Rd6 Qh5 35. Qd3+ g6 36. Qd5 Ree7 37. Bd8 Rg7 38. Rf6 Ref7 39. Rxf7 Qh6 40. Rxg7+ Qxg7 41. Qd6 Qf7 42. Qe7 Kg7 43. Qxf7+ Kxf7 44. Bxa5 Ke6 45. b4 Kd5 46. h4 gxh4 47. Kh3 g5 48. Kg4 Kc4 49. Kh3 Kb3 50. b5 Kxa4 51. c6 Kxa5 52. c7 Kxb5 53. c8=Q b6 54. Qf5+ Ka4 55. Qxg5 b5 56. Qxf4+ b4 57. Kxh4 Ka3 58.
Qc1+ Kb3 59. Qb1+ Kc4 60. Kg4 b3 61. Kf4 Kc3 62. Ke4 b2 63. Ke3 Kb3 64. Ke2 Kc3 65. Ke3 Kb3 66. Kd3 Ka3 67. Kc3 Ka4 68. Qxb2 Ka5 69. Qb4+ Ka6 70. Kc4 Ka7 71. Qb5 Ka8 72. Kc5 Ka7 73. Kc6 Ka8 74. Qb7# 1-0

[Event "*** Titled Tuesday Blitz"]
[Site "Chess.com"]
[Date "2021.02.16"]
[Round "6"]
[White "ENajer77"]
[Black "NikolaN98"]
[Result "0-1"]
[WhiteElo "2609"]
[BlackElo "2479"]
[TimeControl "180+1"]
[EndTime "11:09:35 PST"]
[Termination "NikolaN98 won on time"]

1. d4 e6 2. c4 f5 3. Nf3 Nf6 4. g3 Be7 5. Bg2 O-O 6. O-O d6 7. Nc3 a5 8. b3 Qe8 9. Bb2 Nbd7 10.
e3 e5 11. Nb5 Bd8 12. dxe5 dxe5 13. Ba3 e4 14. Nfd4 Rf7 15. f4 Nf8 16. Bh3 g6 17. Kh1 Ra6 18. Qe2 Ne6 19. Rad1 a4 20.
Bb4 Bd7 21. Nxe6 Rxe6 22. Rd2 axb3 23. axb3 Bxb5 24. cxb5 Rd7 25. Rfd1 Rxd2 26. Rxd2 Be7 27. Bc3 Rd6 28. Qc4+ Qf7 29. Bf1 Rxd2 30. Bxd2 Qxc4 31.
Bxc4+ Kf8 32. h3 Bc5 33. Kg2 h5 34. Kf2 c6 35. Ke2 Nd5 36. bxc6 bxc6 37. Bc1 Ke7 38. Bd2 Kd6 39. Bc1 Kd7 40. Kf2 Kd6 41. Bd2 Kd7 42.
Be2 Bb4 43. Bxb4 Nxb4 44. g4 hxg4 45. hxg4 Kd6 46. g5 Nd5 47. Bc4 Kc5 48. Ke2 Kb4 49.
Kd2 Kc5 50. Ke2 Kb4 51. Kd2 Kc5 52. Be2 Kb4 53. Bd1 Nc3 54. Bc2 Nd5 55. Bd1 Ka3 56.
Be2 Kb4 57. Ba6 Kxb3 58. Bb7 Ne7 59. Ba6 c5 60. Kc1 Kc3 61. Bb5 c4 0-1

[Event "*** Titled Tuesday Blitz"]
[Site "Chess.com"]
[Date "2021.02.16"]
[Round "6"]
[White "BabyBoss31"]
[Black "PlotnikovPavel"]
[Result "1-0"]
[WhiteElo "2338"]
[BlackElo "2467"]
[TimeControl "180+1"]
[EndTime "11:09:41 PST"]
[Termination "BabyBoss31 won by checkmate"]

1. d4 Nf6 2. Bg5 g6 3. Bxf6 exf6 4. e3 Bg7 5. g3 f5 6. Bg2 O-O 7.
Ne2 d6 8. O-O c5 9. c4 Nc6 10.
Nbc3 a6 11. Qd2 Ne7 12. Rfd1 Be6 13. Bxb7 Ra7 14. Bf3 cxd4 15. Nxd4 Bxc4 16. b3 Be6 17. Nxe6 fxe6 18. Rac1 d5 19. Na4 g5 20. Nc5 Qd6 21. e4 fxe4 22. Bxe4 Qe5 23. Bg2 g4 24. Rc2 Qf6 25.
Re1 Bh6 26. Qd3 e5 27. Bxd5+ Kh8 28. Be4 Qf7 29. Qc4 Qf6 30. Qe6 Qg7 31. Bg2 Ng6 32.
Rce2 Re7 33. Qc4 Rc8 34. b4 a5 35. a3 axb4 36. axb4 Qf6 37. Qxg4 Qb6 38. Qxc8+ Kg7 39. Qg4 Ra7 40. h4 Kf7 41. h5 Ne7 42. Qf3+ Ke8 43.
Qb3 Rc7 44. Rxe5 Bg7 45. Qg8+ Bf8 46. Rxe7+ Rxe7 47. Rxe7+ Kxe7 48. Qc4 Bg7 49. Qe4+ Kf8 50. Qb7 Qd6 51. Qc8+ Kf7 52. Qf5+ Ke7 53. Qxh7 Qd1+ 54. Kh2 Qd4 55. Qe4+ Qxe4 56. Nxe4 Bb2 57. b5 Ba3 58.
f3 Kd7 59. g4 Bf8 60. Kh3 Bg7 61. Kg3 Be5+ 62. f4 Bc7 63. g5 Bb6 64. Kg4 Ke7 65. h6 Kf7 66. f5 Bd4 67. g6+ Kf8 68. Ng5 Kg8 69. Ne6 Be5 70. h7+ Kh8 71. Nf4 Bd4 72.
b6 Bxb6 73. f6 Bd4 74. g7+ Kxh7 75. Be4+ Kg8 76. Bd5+ Kh7 77. g8=Q+ Kh6 78. Qg6# 1-0